Map: Star Station TE

Players

CBagRun - Winner!

  • Race: Zerg Zerg
  • Spawn Location: 11:00

couchman

  • Race: Terran Terran
  • Spawn Location: 5:00

VOD

Have the link to the VOD?

Description

Time

  • Played on: Dec. 13, 2021, 9:58 p.m.
  • Length: 26:28
Show
View Real Time Build Order
Export as new Build Order

CBagRun Zerg - Winner!

Build Orders: Pool First 

Get SALT Encoding   

  12  0:00  Drone  
  13  0:17  Drone  
  13  0:21  Overlord  
  14  0:39  Drone x2  
  16  0:50  Extractor  
  16  0:53  Extractor  
  14  0:58  Spawning Pool  
  14  1:04  Evolution Chamber  
  12  1:05  Drone  
  12  1:06  Drone x2  
  15  1:23  Drone  
  16  1:45  Zergling x4  
  16  1:46  Queen  
  20  2:07  Drone  
  20  2:08  Drone  
  22  2:12  Metabolic Boost  
  22  2:14  Zergling x2  
  22  2:42  Hatchery  
  21  2:49  Lair  
  21  2:58  Roach Warren  
  21  3:03  Drone x2  
  22  3:11  Overlord  
  22  3:49  Drone x6  
  28  3:58  Drone  
  29  4:08  Roach x3  
  35  4:22  Overlord  
  35  4:26  Overlord  
  35  4:28  Queen  
  23  4:48  Zergling x2  
  23  4:49  Zergling x10  
  27  4:53  Zergling x4  
  25  5:23  Queen  
  25  5:25  Drone x3  
  30  5:34  Roach  
  30  5:35  Roach  
  34  5:37  Overlord  
  34  5:40  Zergling x2  
  35  5:53  Zerg Ground Armor Level 1  
  35  6:12  Zergling x10  
  40  6:46  Infestation Pit  
  39  6:51  Drone  
  39  6:52  Drone x2  
  42  6:58  Drone  
  43  7:03  Lair  
  43  7:10  Overlord x3  
  43  7:11  Overlord x2  
  43  7:29  Drone x2  
  45  7:33  Infestor  
  47  7:38  Glial Reconstitution  
  47  7:41  Hive  
  47  7:50  Roach  
  47  7:51  Roach x2  
  53  8:07  Extractor  
  53  8:10  Extractor  
  51  8:30  Zergling x4  
  53  8:39  Zerg Ground Armor Level 2  
  53  8:42  Zergling x8  
  57  8:58  Drone x2  
  59  9:18  Ultralisk Cavern  
  59  9:19  Pneumatized Carapace  
  58  9:45  Drone x3  
  61  10:09  Chitinous Plating  
  61  10:12  Ultralisk  
  67  10:34  Drone x2  
  67  10:35  Drone, Extractor  
  68  10:36  Drone x2  
  68  10:37  Drone  
  68  10:42  Extractor  
  71  10:46  Hatchery  
  70  10:55  Zerg Melee Weapons Level 1  
  70  11:00  Overlord x2  
  70  11:02  Overlord  
  70  11:35  Drone x2  
  70  11:38  Drone x2  
  74  11:40  Drone  
  75  11:57  Ultralisk x3  
  93  12:25  Drone x3  
  93  12:29  Overlord  
  96  12:30  Overlord x4  
  96  12:36  Drone x3  
  99  12:57  Spire  
  98  12:58  Anabolic Synthesis  
  98  13:14  Drone x3  
  101  13:31  Queen  
  101  13:33  Drone  
  104  13:46  Overlord x4  
  104  13:47  Overlord x2  
  104  13:50  Drone  
  104  13:51  Drone x5  
  110  13:56  Drone  
  110  13:57  Drone  
  110  14:02  Roach x2  
  116  14:04  Roach  
  118  14:25  Corruptor  
  118  14:26  Corruptor x2  
  118  14:29  Corruptor  
  118  14:30  Corruptor  
  128  14:35  Drone x3  
  127  15:22  Zergling x20  
  127  15:27  Zergling x6  
  135  16:00  Corruptor x3  
  135  16:01  Corruptor  
  143  16:07  Overlord x4  
  143  16:11  Zergling x6  
  146  16:38  Ultralisk x2  
  146  16:39  Ultralisk  
  164  17:02  Corruptor x3  
  170  17:14  Greater Spire  
  170  17:48  Zergling x2  
  170  17:49  Zergling x6  
  170  17:50  Zergling x6  
  177  17:53  Hatchery  
  176  17:59  Overlord x3  
  176  18:31  Brood Lord  
  176  18:32  Brood Lord x3  
  184  18:36  Brood Lord  
  186  18:42  Ultralisk x2  
  198  19:06  Infestor  
  179  20:42  Ultralisk x3  
  160  22:24  Ultralisk x2  
  160  22:25  Ultralisk x4  
  160  22:26  Ultralisk  
  194  23:01  Corruptor  
  194  23:02  Corruptor x2  
  196  24:30  Brood Lord  
  167  25:09  Corruptor x4  
  167  25:11  Ultralisk x5  
Show
View Real Time Build Order
Export as new Build Order

couchman Terran 

Build Orders:  

Get SALT Encoding   

  12  0:01  SCV  
  13  0:13  SCV  
  14  0:18  Supply Depot  
  14  0:25  SCV  
  15  0:40  SCV  
  15  0:41  Supply Depot  
  16  0:52  SCV  
  17  0:57  Barracks  
  18  1:04  SCV  
  18  1:09  Supply Depot  
  18  1:16  SCV  
  19  1:28  SCV  
  19  1:32  Supply Depot  
  20  1:40  Barracks  
  20  1:44  Marine  
  21  1:47  Supply Depot  
  21  1:49  SCV  
  22  2:01  SCV  
  22  2:02  Marine  
  24  2:13  SCV  
  25  2:20  Marine  
  26  2:24  Command Center  
  26  2:27  SCV  
  27  2:34  Marine  
  28  2:37  Marine  
  28  2:40  SCV  
  30  2:52  Orbital Command  
  30  2:55  Marine  
  30  2:56  Marine  
  32  3:03  Bunker  
  32  3:13  Marine  
  32  3:14  Marine  
  34  4:00  Refinery  
  34  4:02  Refinery  
  34  4:03  SCV  
  34  4:08  SCV  
  36  4:11  Refinery  
  36  4:15  SCV  
  36  4:16  Refinery  
  37  4:20  SCV  
  38  4:28  SCV  
  39  4:32  SCV  
  40  4:40  SCV  
  40  4:44  SCV  
  39  4:52  Marine x2, SCV  
  42  4:56  SCV  
  42  5:10  Marine x2  
  39  5:28  Bunker  
  41  5:30  Orbital Command  
  41  5:38  Marine x2  
  41  5:44  Barracks  
  41  5:54  SCV  
  41  5:56  Marine x2  
  44  6:06  SCV  
  45  6:13  Marine  
  45  6:14  Marine  
  45  6:18  Factory  
  47  6:25  Command Center  
  47  6:31  Marine x2  
  47  6:32  Barracks  
  49  6:38  Supply Depot  
  49  6:49  Marine x2  
  51  6:58  Supply Depot  
  51  7:00  Supply Depot  
  51  7:21  Supply Depot  
  51  7:22  Bunker  
  51  7:25  Supply Depot  
  51  7:26  Widow Mine  
  53  7:39  Supply Depot  
  53  7:43  Supply Depot  
  53  7:47  Supply Depot, Widow Mine  
  53  7:48  SCV  
  56  7:53  Reaper x4  
  60  8:00  SCV  
  60  8:02  Supply Depot  
  61  8:09  Widow Mine  
  61  8:12  SCV  
  64  8:19  Engineering Bay  
  64  8:24  Supply Depot, SCV  
  64  8:25  Reaper x3  
  64  8:26  Reaper  
  69  8:30  Widow Mine  
  71  8:36  SCV  
  72  8:42  Supply Depot  
  72  8:51  Widow Mine  
  72  8:52  Terran Infantry Weapons Level 1  
  74  8:57  Reaper x3  
  74  8:58  Reaper  
  74  9:01  Engineering Bay  
  78  9:05  Supply Depot  
  78  9:25  Sensor Tower  
  78  9:29  Reaper x2, Supply Depot  
  78  9:30  Reaper x2  
  82  9:45  Neosteel Armor  
  82  9:52  Supply Depot  
  82  9:59  Sensor Tower  
  82  10:07  Barracks Reactor x2  
  84  10:14  Supply Depot  
  83  10:19  Barracks Tech Lab  
  83  10:21  Barracks Reactor  
  82  10:37  Supply Depot  
  82  10:38  Sensor Tower  
  82  10:44  Armory  
  82  10:45  Widow Mine  
  82  10:46  Terran Infantry Armor Level 1  
  82  10:49  Reaper x2  
  86  10:50  Reaper x3  
  89  11:00  Supply Depot, Stimpack  
  89  11:06  Widow Mine  
  89  11:10  Missile Turret  
  91  11:13  Planetary Fortress  
  91  11:21  Reaper  
  91  11:22  Reaper x4, Supply Depot  
  96  11:25  Hi-Sec Auto Tracking  
  96  11:27  Widow Mine  
  96  11:31  Armory  
  96  11:32  Missile Turret  
  98  11:45  Supply Depot  
  98  11:49  Widow Mine  
  98  11:52  Bunker  
  98  11:53  Reaper  
  98  11:54  Reaper x4  
  102  11:57  SCV  
  106  12:09  Factory  
  106  12:10  SCV, Widow Mine  
  109  12:26  Reaper x2  
  111  12:50  Marauder  
  113  12:52  Reaper x2  
  113  12:53  Reaper x2  
  113  12:58  Reaper x2  
  119  13:12  Marauder  
  121  13:24  Reaper  
  121  13:25  Reaper x3  
  125  13:30  Reaper x2  
  125  13:32  Terran Infantry Weapons Level 2  
  125  13:33  Marauder, Terran Infantry Armor Level 2  
  129  13:38  Terran Vehicle And Ship Armor Level 1  
  129  13:55  Marauder  
  131  13:56  Reaper  
  131  13:57  Reaper x3  
  131  14:02  Reaper  
  136  14:16  Marauder  
  120  15:46  Starport  
  120  16:08  Command Center  
  120  16:15  Command Center  
  120  16:23  Starport  
  120  16:27  Bunker  
  120  16:50  Refinery  
  120  16:55  Refinery  
  120  16:57  Factory  
  120  16:58  Missile Turret, Bunker  
  120  17:24  Reaper, Supply Depot  
  120  17:25  Reaper x6  
  120  17:27  Missile Turret  
  127  17:33  SCV  
  128  17:37  SCV  
  129  17:45  SCV, Sensor Tower  
  129  17:46  Supply Depot  
  129  17:47  Missile Turret  
  129  17:49  SCV  
  131  17:56  Reaper  
  131  17:57  Reaper x6  
  138  18:02  Missile Turret  
  138  18:09  Supply Depot  
  138  18:10  Sensor Tower  
  138  18:28  Reaper  
  138  18:29  Reaper x6  
  138  18:32  Supply Depot  
  145  18:42  Sensor Tower  
  145  18:54  Supply Depot  
  145  19:01  Reaper x7  
  152  19:16  Supply Depot  
  152  19:33  Reaper  
  153  19:39  Supply Depot  
  153  19:42  Planetary Fortress  
  153  19:45  Orbital Command  
  153  19:55  Refinery  
  153  19:56  Refinery  
  153  19:58  Widow Mine  
  137  20:20  Widow Mine  
  128  20:41  Widow Mine  
  130  20:56  Ghost Academy  
  130  21:01  Medivac x2  
  130  21:02  Widow Mine  
  136  21:10  Missile Turret  
  136  21:24  Widow Mine  
  138  21:31  Medivac  
  140  21:36  Missile Turret  
  95  23:00  Factory Tech Lab  
  95  23:06  Marauder  
  97  23:27  Marauder  
  99  23:49  Marauder  
  100  24:10  Marauder  
  102  24:21  Drilling Claws  
  102  24:32  Marauder  
  101  24:52  Marine x7  
  100  25:09  Marine  
  100  25:10  Marine x5  
  100  25:11  Marauder  
  96  25:32  Marauder  
  78  25:54  Marauder  
Tags
 
Matchup
TvZ
Opening
Pool First
Replay Pack
re
Spawn Locations
Cross Positions
Add a new tag
Caveats
  • Supply blocks, unpowered buildings, or Contaminate may cause inaccurate times.
  • Supply counts are checked every 10 seconds.